 Dungeon Crawl Stone Soup version 0.30-b1-2-g02819fbbbe (webtiles) character file.

Game seed: 6063246613950033342

72 dorian the Chopper (level 4, -1/35 HPs)
             Began as a Formicid Gladiator on May 18, 2023.
             Slain by Crazy Yiuf
             ... wielding a +3 quarterstaff of chaos
              (4 damage)
             ... on level 2 of the Dungeon.
             The game lasted 00:01:56 (1931 turns).

dorian the Chopper (Formicid Gladiator)             Turns: 1931, Time: 00:01:57

Health: -1/35      AC:  3    Str: 21    XL:     4   Next: 48%
Magic:  4/4        EV: 12    Int:  7    God:
Gold:   79         SH:  0    Dex: 15    Spells: 3/3 levels left

rFire   . . .        a - +0 war axe (spect)
rCold   . . .        (no shield)
rNeg    . . .        b - +0 leather armour
rPois   .            (helmet unavailable)
rElec   .            (no cloak)
rCorr   .            (no gloves)
SInv    +            (no boots)
Will    .....        (no amulet)
Stlth   +            g - ring of wizardry
HPRegen 0.25/turn    (no ring)
MPRegen 0.09/turn

%: wizardry (x1)
@: no status effects
A: permanent stasis, dig shafts and tunnels, antennae 3, four strong arms
a: Dig, Shaft Self


You were on level 2 of the Dungeon.
You visited 1 branch of the dungeon, and saw 2 of its levels.

You collected 79 gold pieces.

Inventory:

Hand Weapons
 a - a +0 spectral war axe (weapon)
Missiles
 c - 3 throwing nets (quivered)
 d - a javelin
Armour
 b - a +0 leather armour (worn)
Jewellery
 g - a ring of wizardry (left hand)
Scrolls
 e - a scroll of teleportation
Potions
 f - a potion of curing
 i - a potion of cancellation
 j - 2 potions of attraction


   Skills:
 + Level 3.2 Fighting
 * Level 4.4 Axes
 - Level 2.0 Throwing
 - Level 2.6 Dodging


You had 3 spell levels left.
You didn't know any spells.
Your spell library contained the following spells:

 Spells                   Type           Power      Damage    Failure   Level
 Magic Dart               Conj           0%         1d3       21%         1
 Sandblast                Erth           0%         2d4       21%         1
 Passwall                 Tmut/Erth      0%         N/A       32%         2
 Searing Ray              Conj           0%         2d4       32%         2
 Stone Arrow              Conj/Erth      0%         3d7       52%         3
 Fulminant Prism          Conj/Hex       0%         3d5       88%         4


Dungeon Overview and Level Annotations

Branches:
Dungeon (2/15)

Altars:

Annotations:
D:2 Crazy Yiuf


Innate Abilities, Weirdness & Mutations

You cannot be hasted, slowed, berserked, paralysed or teleported.
You can dig through walls and to a lower floor.
You have a pair of large antennae on your head. (SInv)
Your four strong arms can wield two-handed weapons with a shield.


Message History

You closely miss the hobgoblin.
The hobgoblin is heavily wounded.
Your +0 spectral war axe hits the hobgoblin.
You kill the hobgoblin!
No target in view!
No target in view!
Your +0 spectral war axe disappears.
You now have 79 gold pieces (gained 11).
Key pressed, stopping explore.
You open the door.
There is an open door here.
Key pressed, stopping explore.
You see here a hobgoblin skeleton.
You open the door.
There is an open door here.
Things that are here:
a +0 club; 3 stones Key pressed, stopping explore.
Key pressed, stopping explore.
Crazy Yiuf shouts!
Crazy Yiuf whimpers, "Lugonu!"
Could not explore, unopened runed door.
Could not explore, unopened runed door.
Could not explore, unopened runed door.
As you open the door, it creaks loudly!
You slash Crazy Yiuf!
Crazy Yiuf is severely wounded.
Crazy Yiuf hits you with a +3 quarterstaff of chaos!
You hit Crazy Yiuf.
Crazy Yiuf is almost dead.
Crazy Yiuf hits you with a +3 quarterstaff of chaos.
You are electrocuted!
You are too injured to fight recklessly!
You are too injured to fight recklessly!
You barely miss Crazy Yiuf.
Crazy Yiuf is almost dead.
Crazy Yiuf hits you with a +3 quarterstaff of chaos!
* * * LOW HITPOINT WARNING * * *
Crazy Yiuf burns you.
You die...

...........#####..####......>.#.#
...........# #....# ##.#.#...#.#
...........# #...## #..#.#...#.#
...........# ##...# ##.#.#...#.#
...........# ##.## #....#...#.#
...........# ##.# #..###...#.#
...........# #.## #..##....#.#
...........# ##.# #..##..#...#
.....#####.# #@## ##.##..#####
.........#.# #g# ##.#...#
.........#.# ... #....#.#
.........#.# #...# ###..#.#
..#......#.# #)..# #......#
#........#.# ##### #...####
...........# #####
..#.......#############
..'.......##..........#


You could see Crazy Yiuf.

Vanquished Creatures
  Robin (D:2)
  An adder (D:2)
  A dart slug (D:2)
  An endoplasm (D:1)
  8 goblins
  6 hobgoblins (D:2)
  8 jackals (D:1)
  4 quokkas
  4 ball pythons
  2 bats (D:1)
  4 frilled lizards
  3 kobolds
  A rat (D:2)
44 creatures vanquished.

Notes
Turn   | Place    | Note
-------+----------+-------------------------------------------
     0 | D:1      | dorian the Formicid Gladiator began the quest for the Orb.
     0 | D:1      | Reached XP level 1. HP: 16/16 MP: 1/1
   215 | D:1      | Reached XP level 2. HP: 23/23 MP: 2/2
   316 | D:1      | Reached XP level 3. HP: 22/28 MP: 3/3
   814 | D:2      | Noticed Robin
   838 | D:1      | Reached skill level 4 in Axes
  1039 | D:2      | Found a runed translucent door.
  1040 | D:2      | Noticed Crazy Yiuf
  1104 | D:2      | Killed Robin
  1105 | D:2      | Reached XP level 4. HP: 25/35 MP: 4/4
  1931 | D:2      | Slain by Crazy Yiuf

Illustrated notes

Levels and vault maps discovered:
D:1:      minmay_arrival_radiant_lines, layout_loops_cross
D:2:      layout_basic, uniq_crazy_yiuf_cottage, uniq_robin

Skill      XL: |  1  2  3 |
---------------+----------+-----
Axes           | 4 |  4.4
Fighting       | 3 |  3.2
Throwing       | |  2.0
Dodging        | |  2.6

Action                     |  1- 3 |  4- 6 || total
---------------------------+-------+-------++-------
  Melee: War axe           |    95 |    38 ||   133
    Use: Scroll            |     5 |     3 ||     8
 Armour: Leather armour    |    29 |     5 ||    34
  Dodge: Dodged            |    94 |    13 ||   107
